 Dungeon Crawl Stone Soup version 0.30-a0-715-gdb4ae3ece1 (webtiles) character file.

Game seed: 2945030044764467145

1 wormed the Charlatan (level 1, 0/19 HPs)
             Began as a Gnoll Wanderer on Jan 23, 2023.
             Slain by a kobold
             ... wielding a +0 dagger
              (2 damage)
             ... on level 2 of the Dungeon.
             The game lasted 00:00:24 (42 turns).

wormed the Charlatan (Gnoll Wanderer)                 Turns: 42, Time: 00:00:24

Health: 0/19       AC:  2    Str: 10    XL:     1   Next: 20%
Magic:  4/4        EV: 12    Int: 14    God:
Gold:   0          SH:  0    Dex:  9    Spells: 5/5 levels left

rFire   . . .      SeeInvis .    a - +0 club
rCold   . . .      Faith    .    (no shield)
rNeg    . . .      Spirit   .    c - +0 robe
rPois   .          Reflect  .    (no helmet)
rElec   .          Harm     .    (no cloak)
rCorr   .          Rampage  .    (no gloves)
Will    .....                    (no boots) Stlth
                                 (no amulet)
HPRegen 0.23/turn                (no ring)
MPRegen 0.09/turn                (no ring)

@: berserking, very quick
A: fangs 1, strong nose, distributed training
a: no special abilities


You were on level 2 of the Dungeon.
You visited 1 branch of the dungeon, and saw 2 of its levels.

Inventory:

Hand Weapons
 a - a +0 club (weapon)
Armour
 c - a +0 robe (worn)
Wands
 d - a wand of polymorph (5) (quivered)


   Skills:
 + Level 0.0 Fighting
 + Level 0.0 Short Blades
 + Level 0.0 Long Blades
 + Level 0.0 Axes
 + Level 0.0 Maces & Flails
 + Level 0.0 Polearms
 + Level 0.0 Staves
 + Level 0.0 Ranged Weapons
 + Level 0.0 Throwing
 + Level 0.0 Armour
 + Level 2.3 Dodging
 + Level 0.0 Stealth
 + Level 0.0 Shields
 + Level 0.0 Unarmed Combat
 + Level 2.6 Spellcasting
 + Level 0.0 Conjurations
 + Level 3.6 Hexes
 + Level 0.0 Summonings
 + Level 5.3 Necromancy
 + Level 0.0 Translocations
 + Level 0.0 Transmutations
 + Level 0.0 Fire Magic
 + Level 0.0 Ice Magic
 + Level 0.0 Air Magic
 + Level 0.0 Earth Magic
 + Level 0.0 Poison Magic
 + Level 0.0 Invocations
 + Level 6.4 Evocations


You had 5 spell levels left.
You didn't know any spells.
Your spell library contained the following spells:

 Spells                   Type           Power      Damage    Failure   Level
 Slow                     Hex            48%        N/A       4%          1
 Kiss of Death            Conj/Necr      36%        2d8       8%          1
 Tukima's Dance           Hex            12%        N/A       16%         3
 Animate Dead             Necr           16%        N/A       26%         4
 Anguish                  Hex/Necr       7%         N/A       34%         4


Dungeon Overview and Level Annotations

Branches:
Dungeon (2/15)

Altars:


Innate Abilities, Weirdness & Mutations

You have very sharp teeth.
Your uncanny sense of smell can sniff out nearby items.
Your experience applies equally to all skills.


Message History

You closely miss the giant cockroach.
You bite the giant cockroach, but do no damage.
The giant cockroach closely misses you.
You hit the giant cockroach.
The giant cockroach is almost dead.
The giant cockroach closely misses you. x2
You barely miss the giant cockroach.
The giant cockroach is almost dead.
The giant cockroach bites you but does no damage.
You barely miss the giant cockroach.
The giant cockroach is almost dead.
The kobold closely misses you. The giant cockroach misses you.
The kobold closely misses you. The giant cockroach misses you.
You barely miss the giant cockroach.
The giant cockroach is almost dead.
The giant cockroach bites you. The kobold hits you with a +0 dagger.
The kobold hits you with a +0 whip.
You closely miss the giant cockroach.
The giant cockroach is almost dead.
The giant cockroach closely misses you. The kobold misses you.
The kobold barely misses you. The giant cockroach barely misses you.
You closely miss the giant cockroach. Your bite misses the giant cockroach.
The giant cockroach is almost dead.
The kobold hits you with a +0 whip. The kobold closely misses you.
The giant cockroach bites you. The kobold hits you with a +0 dagger.
The kobold hits you but does no damage.
You hit the giant cockroach.
You kill the giant cockroach!
The kobold hits you with a +0 whip.
* * * LOW HITPOINT WARNING * * *
The kobold barely misses you.
A red film seems to cover your vision as you go berserk!
You feel yourself moving faster!
You feel mighty! The kobold hits you but does no damage.
The kobold barely misses you.
You closely miss the kobold. The kobold barely misses you.
The kobold misses you.
You closely miss the kobold. You bite the kobold.
You kill the kobold!
The kobold hits you with a +0 dagger.
You die...

∆ . .. . .. #
..
#.#####.##...
..#$....#......
#.....)........
#.....†@.......
......K........
#..............
...............
#..............
#..............
#..............
..............#


You could see a kobold.

Vanquished Creatures
  A giant cockroach (D:2)
  A kobold (D:2)
2 creatures vanquished.

Notes
Turn   | Place    | Note
-------+----------+-------------------------------------------
     0 | D:1      | wormed the Gnoll Wanderer began the quest for the Orb.
     0 | D:1      | wormed set off with the following items: a +0 club, a
                  | potion of berserk rage, a +0 robe, a wand of polymorph (5);
                  | and the following spells available to memorise: Slow, Kiss
                  | of Death, Tukima's Dance, Animate Dead, Anguish.
     0 | D:1      | Reached XP level 1. HP: 13/13 MP: 4/4
    42 | D:2      | Slain by a kobold

Illustrated notes

Levels and vault maps discovered:
D:1:      amcnicky_arrival_blooded_trapdoor, layout_basic, supply_closet_lemuel
D:2:      layout_rooms, basic_altar, minmay_misc_feat_room,
          nrook_mini_backslash, roderic_lattice_a

Action                     || total
---------------------------++-------
  Melee: Club              ||    10
         Bite              ||     2
    Use: Potion            ||     1
 Armour: Robe              ||     3
  Dodge: Dodged            ||    22

Table legend: (Time is in decaauts)
 A = Elapsed time spent in this place.
 B = Non-inter-level travel time spent in this place.
 C = Inter-level travel time spent in this place.
 D = Time resting spent in this place.
 E = Time spent auto-exploring this place.
 F = Levels seen in this place.
 G = Mean time per level.
                   A        B        C        D        E       F      G
               +--------+--------+--------+--------+--------+-----+--------+
         Total |     44 |     44 |      0 |      0 |     11 |   2 |   22.0 |
       Dungeon |     44 |     44 |      0 |      0 |     11 |   2 |   22.0 |
               +--------+--------+--------+--------+--------+-----+--------+

Top non-repeatable levels by time:
     D:1: 31 daAuts
     D:2: 13 daAuts
